 Dungeon Crawl Stone Soup version 0.31-a0-859-g9dce7d3444 (webtiles) character file.

Game seed: 7782671515173313983

2367 aks0t the Zephyrmancer (level 9, -1/47 HPs)
             Began as a Tengu Air Elementalist on Oct 10, 2023.
             Killed by their own static electricity (5 damage)
             ... on level 7 of the Dungeon.
             The game lasted 00:23:27 (8180 turns).

aks0t the Zephyrmancer (Tengu Air Elementalist)     Turns: 8180, Time: 00:23:28

Health: -1/47      AC:  4    Str:  8    XL:     9   Next: 44%
Magic:  6/20       EV: 18    Int: 19    God:
Gold:   391        SH:  0    Dex: 16    Spells: 11/21 levels left

rFire   . . .        (no weapon)
rCold   + . .        (no shield)
rNeg    . . .        A - +2 robe {rC+}
rPois   .            (helmet restricted)
rElec   .            (no cloak)
rCorr   +            (no gloves)
SInv    .            (boots unavailable)
Will    .....        b - amulet of regeneration
Stlth   ++           n - ring of resist corrosion
HPRegen 1.07/turn    (no ring)
MPRegen 0.17/turn

%: acrobat
@: flying
A: beak, talons 3, evasive flight, acrobatic
a: no special abilities


You were on level 7 of the Dungeon.
You visited 1 branch of the dungeon, and saw 7 of its levels.

You collected 417 gold pieces.
You spent 26 gold pieces at shops.

Inventory:

Armour
 A - a +2 robe of cold resistance (worn)
Jewellery
 b - an amulet of regeneration (around neck)
 n - a ring of resist corrosion (left hand)
Wands
 k - a wand of roots (10)
 w - a wand of mindburst (1)
 x - a wand of polymorph (13)
 y - a wand of flame (17)
Scrolls
 c - 4 scrolls of teleportation {unknown}
 d - a scroll of amnesia {unknown}
 e - a scroll of summoning {unknown}
 f - a scroll of poison {unknown}
 g - 8 scrolls of identify
 i - 2 scrolls of immolation {unknown}
 l - a scroll of fear {unknown}
 q - 2 scrolls of vulnerability {unknown}
 s - 2 scrolls of fog {unknown}
 t - a scroll of revelation {unknown}
 v - a scroll of silence {unknown}
Potions
 h - a potion of mutation {unknown}
 j - 2 potions of brilliance {unknown}
 m - a potion of degeneration {unknown}
 o - a potion of berserk rage {unknown}
 p - a potion of ambrosia {unknown}
 r - a potion of curing {unknown}
 u - a potion of enlightenment {unknown}
 z - a potion of resistance {unknown}


   Skills:
 + Level 1.1 Fighting
 + Level 4.1 Dodging
 + Level 3.0 Stealth
 + Level 6.6 Spellcasting
 + Level 7.0 Conjurations
 + Level 10.7 Air Magic


You had 11 spell levels left.
You knew the following spells:

 Your Spells              Type           Power      Damage    Failure   Level
a - Shock                 Conj/Air       100%       1d9       1%          1
b - Static Discharge      Conj/Air       80%        2-6/arc   1%          2
c - Swiftness             Air            47%        N/A       1%          3
d - Airstrike             Air            23%        2d(4-20)  1%          4

Your spell library contained the following spells:

 Spells                   Type           Power      Damage    Failure   Level
 Apportation              Tloc           12%        N/A       11%         1
 Summon Small Mammal      Summ           24%        N/A       11%         1
 Jinxbite                 Hex            12%        N/A       16%         2
 Sublimation of Blood     Necr           6%         N/A       16%         2
 Wereblood                Tmut           6%         N/A       16%         2
 Fulminant Prism          Conj/Hex       9%         3d7       24%         4
 Iskenderun's Mystic Bla  Conj/Tloc      19%        2d6       24%         4
 Call Canine Familiar     Summ           6%         N/A       30%         3
 Summon Guardian Golem    Hex/Summ       6%         N/A       30%         3
 Tukima's Dance           Hex            6%         N/A       30%         3
 Volatile Blastmotes      Fire/Tloc      12%        2d11      30%         3
 Dimensional Bullseye     Hex/Tloc       3%         N/A       71%         4
 Alistair's Intoxication  Tmut/Pois      4%         N/A       96%         5
 Summon Hydra             Summ           3%         N/A       100%        7


Dungeon Overview and Level Annotations

Branches:
Dungeon (7/15)             Temple (0/1) D:4

Altars:
Zin

Shops:
D:5 ?


Innate Abilities, Weirdness & Mutations

You have a beak for a mouth.
You have claws for feet.
Your magical flight helps you evade attacks. (EV +4)
You can magically evade attacks while moving or waiting.


Message History

Dowan is almost dead.
Duvessa is struck by an arc of lightning!
Duvessa is severely wounded.
You are struck by an arc of lightning.
Duvessa is struck by an arc of lightning.
Duvessa is severely wounded.
The lightning grounds out.
Duvessa is struck by an arc of lightning.
Duvessa is almost dead.
Dowan is struck by an arc of lightning.
You kill Dowan!
Duvessa screams, "No!
How DARE you!"
Duvessa goes berserk!
Duvessa is struck by an arc of lightning!
Duvessa is almost dead.
You are struck by an arc of lightning.
The lightning grounds out.
Duvessa hits you with a +0 short sword!
* * * LOW HITPOINT WARNING * * *
Okay, then.
Found a scroll labelled ERYSKA KILOYQ.
Duvessa attacks as she pursues you! Duvessa closely misses you.
Duvessa hits you with a +0 short sword.
* * * LOW HITPOINT WARNING * * *
Casting: Static Discharge (safe; 1% risk of failure)
Confirm with . or Enter, or press ? or * to list all spells.
Duvessa is struck by an arc of lightning.
You kill Duvessa!
You are struck by an arc of lightning.
* * * LOW HITPOINT WARNING * * *
Your Conjurations skill increases to level 7!
Aiming: Mindburst
Press: ? - help, Shift-Dir - straight line, f - ice beast
Aim: an ice beast (chance to affect: 64%)
The ice beast's mind is blasted!
Casting: Static Discharge (safe; 1% risk of failure)
Confirm with . or Enter, or press ? or * to list all spells.
The ice beast is struck by an arc of lightning!
The ice beast is severely wounded.
You are struck by an arc of lightning.
You die...

#########
#.?..@Y.#
#.#####.#
#<#
#..)Y.......
#.##.##....$
.. #.# #..<
#.. ..# ##
## ###


You could see an ice beast.

Vanquished Creatures
  Sigmund (D:2)
  Edmund (D:6)
  2 water moccasins (D:5)
  Duvessa (D:7)
  2 ice beasts
  A sky beast (D:6)
  2 ogres
  A centaur (D:5)
  A phantom (D:4)
  A kobold brigand (D:6)
  Blork the orc (D:6)
  A bullfrog (D:6)
  4 scorpions
  Dowan (D:7)
  An orc priest (D:5)
  4 hounds
  2 jellies
  2 iguanas
  Terence (D:3)
  4 orc wizards
  Robin (D:2)
  4 gnolls (D:4)
  11 adders
  An ufetubus (D:5)
  5 worms
  2 dart slugs
  21 orcs
  4 bats
  13 endoplasms
  3 giant cockroaches
  18 goblins
  8 hobgoblins
  14 kobolds
  3 quokkas
  A ball python (D:2)
  3 frilled lizards
  4 rats
150 creatures vanquished.

Notes
Turn   | Place    | Note
-------+----------+-------------------------------------------
     0 | D:1      | aks0t the Tengu Air Elementalist began the quest for the
                  | Orb.
     0 | D:1      | Reached XP level 1. HP: 10/10 MP: 4/4
   188 | D:1      | Reached XP level 2. HP: 15/15 MP: 3/6
   277 | D:1      | Learned a level 2 spell: Static Discharge
   304 | D:1      | Found a faded altar of an unknown god.
   949 | D:2      | Reached XP level 3. HP: 4/19 MP: 1/7
  1156 | D:2      | Reached skill level 5 in Air Magic
  1610 | D:2      | Reached XP level 4. HP: 24/24 MP: 4/8
  1758 | D:2      | Noticed Sigmund
  1768 | D:2      | Killed Sigmund
  1769 | D:2      | Reached skill level 6 in Air Magic
  1769 | D:2      | Reached XP level 5. HP: 15/28 MP: 0/10
  1914 | D:2      | Reached XP level 6. HP: 33/33 MP: 0/11
  2049 | D:2      | Noticed Robin
  2068 | D:2      | Killed Robin
  2767 | D:3      | Noticed Terence
  2774 | D:3      | Killed Terence
  3216 | D:3      | Learned a level 3 spell: Swiftness
  3221 | D:3      | Learned a level 4 spell: Airstrike
  3494 | D:4      | Gained mutation: Your magical flight helps you evade
                  | attacks. (EV +4) [Tengu growth]
  3494 | D:4      | Reached XP level 7. HP: 37/37 MP: 0/13
  3883 | D:4      | Reached skill level 5 in Conjurations
  3955 | D:4      | Reached skill level 7 in Air Magic
  4731 | D:4      | Found a staircase to the Ecumenical Temple.
  5046 | D:5      | Entered Level 5 of the Dungeon
  5150 | D:5      | Reached skill level 1 in Fighting
  5150 | D:5      | Reached XP level 8. HP: 14/43 MP: 6/16
  5510 | D:5      | Reached skill level 5 in Spellcasting
  5633 | D:5      | Reached skill level 8 in Air Magic
  5985 | D:5      | Reached skill level 9 in Air Magic
  6046 | D:5      | Found a glowing silver altar of Zin.
  6273 | D:5      | Found Baumerocs's Magic Scroll Shop.
  6276 | D:5      | Bought a scroll of identify for 26 gold pieces
  6567 | D:6      | Noticed Edmund
  6579 | D:6      | Killed Edmund
  6580 | D:6      | Reached XP level 9. HP: 45/47 MP: 0/19
  6773 | D:6      | Reached skill level 10 in Air Magic
  7286 | D:6      | Noticed Blork the orc
  7294 | D:6      | Killed Blork the orc
  8170 | D:7      | Noticed Duvessa
  8170 | D:7      | Noticed Dowan
  8174 | D:7      | Killed Dowan
  8176 | D:7      | HP: 2/47 [Duvessa/+0 short sword (6)]
  8178 | D:7      | Killed Duvessa
  8180 | D:7      | Killed from afar by themself

Illustrated notes

Levels and vault maps discovered:
D:1:      eino_arrival_druids_welcome, layout_basic,
          dreamdust_ecumenical_altar_statues, kennysheep_pointless_box,
          grunt_decor_fettered
D:2:      layout_basic, minmay_pentomino_pile, uniq_robin, uniq_sigmund
D:3:      layout_loops_ring, uniq_terence
D:4:      layout_basic, minmay_temple_entry_enclosed_plants, minmay_crossroads
D:5:      layout_basic, pf_just_have_faith, serial_shops, kennysheep_mini_moat,
          kennysheep_boxes
D:6:      layout_basic, serial_bayou_pond_d, chequers_arboretum, uniq_edmund,
          uniq_blork_the_orc
D:7:      layout_loops_cross, nrook_mini_vaults, amethyst_killhole,
          minmay_circle_x, uniq_duvessa

Skill      XL: |  1  2  3  4  5  6  7  8  9 |
---------------+----------------------------+-----
Air Magic      | 5 6 7 9 10 | 10.7
Conjurations   | 2 3 4 5 6 7 |  7.0
Spellcasting   | 3 4 6 |  6.6
Dodging        | 3 4 |  4.1
Fighting       | 1 |  1.1
Stealth        | 3 |  3.0

Action                     |  1- 3 |  4- 6 |  7- 9 || total
---------------------------+-------+-------+-------++-------
  Melee: Unarmed           |       |     2 |     8 ||    10
         Kick              |       |     1 |     2 ||     3
         Peck              |       |     1 |       ||     1
   Cast: Shock             |    63 |    84 |   192 ||   339
         Static Discharge  |     3 |    11 |    38 ||    52
         Swiftness         |       |     1 |     1 ||     2
         Airstrike         |       |       |    19 ||    19
  Evoke: Wand              |       |       |     2 ||     2
    Use: Potion            |     2 |     1 |     2 ||     5
 Armour: Robe              |    13 |    14 |    44 ||    71
  Dodge: Dodged            |    33 |    17 |    83 ||   133

Table legend: (Time is in decaauts)
 A = Elapsed time spent in this place.
 B = Non-inter-level travel time spent in this place.
 C = Inter-level travel time spent in this place.
 D = Time resting spent in this place.
 E = Time spent auto-exploring this place.
 F = Levels seen in this place.
 G = Mean time per level.
                   A        B        C        D        E       F      G
               +--------+--------+--------+--------+--------+-----+--------+
         Total |   8183 |   7957 |    226 |     94 |   6923 |   7 | 1169.0 |
       Dungeon |   8183 |   7957 |    226 |     94 |   6923 |   7 | 1169.0 |
               +--------+--------+--------+--------+--------+-----+--------+

Top non-repeatable levels by time:
     D:2: 1878 daAuts
     D:6: 1707 daAuts
     D:4: 1616 daAuts
     D:5: 1415 daAuts
     D:1: 814 daAuts
     D:3: 740 daAuts
     D:7: 9 daAuts
